AoeStats
← CazadorGT

MegaRandom

508537560Analyzed
2v2 RM · 10d ago on Sep 22, 2026· 20m 8s· 4 players
Game mode
Random Map
Map size
Medium (4 player)
Population
200
Speed
Normal
Resources
Standard
Victory
Conquest
Starting age
Dark Age
Ending age
Imperial Age
RankedLock teamsTeams togetherTeam positionsShared explorationLock speedFull tech treeHidden civsTurbo modeCheats
Victory
Defeat
🇨🇴 Portuguese · Colombia
1287
+13
🇬🇹 Mongols · Guatemala
1124
+21
🇦🇷 Spanish · Argentina
1228
-17
🇦🇷 Chinese · Argentina
1221
-17
CazadorGT
7:00 Loom
9:15 Feudal Age
10:41 Double-Bit Axe
14:20 Town Watch
15:21 Forging
16:43 Scale Barding Armor
22:39 Castle Age
Juan_DavidMLL
7:37 Loom
9:42 Feudal Age
14:16 Double-Bit Axe
14:43 Fletching
15:58 Padded Archer Armor
17:33 Town Watch
niquito0912
0:27 Loom
9:53 Feudal Age
13:38 Double-Bit Axe
13:47 Fletching
20:32 Castle Age
19:10 Horse Collar
Buaco69
11:58 Feudal Age
11:37 Loom
16:42 Castle Age
Connection lost

Rejoining the realm…

Still unreachable

The connection could not be restored.

Session expired

The server has moved on; the page needs a fresh start.